 Dungeon Crawl Stone Soup version 0.31-a0-971-g75a2e9a4b4 (webtiles) character file.

Game seed: 4802964744894292219

91 pokeman the Magician (level 4, -1/27 HPs)
             Began as a Deep Elf Hedge Wizard on Oct 28, 2023.
             Slain by a hobgoblin
             ... wielding a +0 dagger of venom
              (3 damage)
             ... on level 3 of the Dungeon.
             The game lasted 00:03:39 (2758 turns).

pokeman the Magician (Deep Elf Hedge Wizard)        Turns: 2758, Time: 00:03:39

Health: -1/27      AC:  7    Str:  7    XL:     4   Next: 34%
Magic:  0/13       EV: 12    Int: 21    God:
Gold:   161        SH:  0    Dex: 14    Spells: 3/14 levels left

rFire   . . .        a - +0 dagger
rCold   + . .        (no shield)
rNeg    . . .        l - +0 robe {rC+}
rPois   .            c - +0 hat
rElec   .            (no cloak)
rCorr   .            e - +1 pair of gloves
SInv    .            p - +2 pair of boots
Will    .....        (no amulet)
Stlth   ++           (no ring)
HPRegen 0.24/turn    (no ring)
MPRegen 0.13/turn

%: no passive effects
@: lethally poisoned (-1 -> -7)
A: robust 1
a: no special abilities


You were on level 3 of the Dungeon.
You visited 1 branch of the dungeon, and saw 3 of its levels.

You collected 161 gold pieces.

Inventory:

Hand Weapons
 a - a +0 dagger (weapon)
Armour
 c - a +0 hat (worn)
 e - a +1 pair of gloves (worn)
 l - a +0 robe of cold resistance (worn)
 p - a +2 pair of boots (worn)
Jewellery
 i - a ring of fire
Scrolls
 f - a scroll of fog {unknown}
 h - a scroll of revelation {unknown}
 j - a scroll of fear {unknown}
 k - 3 scrolls of identify {unknown}
 m - 2 scrolls of butterflies {unknown}
 n - a scroll of enchant weapon {unknown}
 q - a scroll of teleportation {unknown}
 r - 2 scrolls of vulnerability {unknown}
 t - a scroll of acquirement {unknown}
 u - a scroll of noise {unknown}
Potions
 b - a potion of mutation
 d - a potion of magic
 g - a potion of curing
 o - a potion of resistance {unknown}
 s - 2 potions of degeneration {unknown}


   Skills:
 - Level 1.1 Fighting
 - Level 1.1 Armour
 + Level 2.6 Dodging
 + Level 2.6 Stealth
 * Level 5.6 Spellcasting
 + Level 2.2 Conjurations
 - Level 1.1 Summonings
 - Level 1.1 Translocations


You had 3 spell levels left.
You knew the following spells:

 Your Spells              Type           Power      Damage    Failure   Level
a - Magic Dart            Conj           60%        1d6       4%          1
b - Mephitic Cloud        Conj/Pois/Air  9%         N/A       22%         3
c - Call Imp              Summ           20%        N/A       10%         2
d - Blink                 Tloc           20%        N/A       10%         2
e - Ignite Poison         Fire/Tmut/Pois 5%         N/A       30%         3

Your spell library contained the following spells:

 Spells                   Type           Power      Damage    Failure   Level
 Searing Ray              Conj           30%        2d5       6%          2
 Sandblast                Erth           10%        2d5       11%         1
 Slow                     Hex            20%        N/A       11%         1
 Cigotuvi's Dreadful Rot  Necr/Pois/Air  10%        N/A       16%         2
 Passwall                 Tmut/Erth      4%         N/A       16%         2
 Stone Arrow              Conj/Erth      20%        3d8       19%         3
 Volatile Blastmotes      Fire/Tloc      16%        2d11      24%         3
 Brom's Barrelling Bould  Conj/Erth      10%        2d3       54%         4
 Sticky Flame             Conj/Fire      10%        2d3       54%         4
 Freezing Cloud           Conj/Ice/Air   4%         6-21      91%         5
 Disjunction              Tloc           5%         N/A       100%        8


Dungeon Overview and Level Annotations

Branches:
Dungeon (3/15)

Altars:
Dithmenos
Makhleb


Innate Abilities, Weirdness & Mutations

You are robust. (+10% HP)


Message History

* * * LOW HITPOINT WARNING * * *
You feel very sick.
You see here a worm corpse.
Okay, then.
Unknown command.
It was a potion of mutation.
You feel extremely strange.
You feel robust.
* * * LOW HITPOINT WARNING * * *
You feel very sick.
The hobgoblin hits you but does no damage.
You are more poisoned.
It was a potion of curing.
You feel better. The hobgoblin closely misses you.
You hit the hobgoblin but do no damage.
The hobgoblin is almost dead.
The hobgoblin hits you but does no damage.
You are poisoned.
* * * LOW HITPOINT WARNING * * *
You feel sick.
Casting: Magic Dart (safe; 4% risk of failure)
Confirm with . or Enter, or press ? or * to list all spells.
Aiming: Magic Dart (safe; 4% risk of failure)
Press: ? - help, Shift-Dir - straight line, f/p - hobgoblin
Aim: a hobgoblin, wielding a +0 dagger of venom and wearing a +0 chain mail (almost dead, 100% to hit)
The magic dart hits the hobgoblin but does no damage.
The hobgoblin is almost dead.
* * * LOW HITPOINT WARNING * * *
You feel sick.
You hit the hobgoblin but do no damage.
The hobgoblin is almost dead.
You feel sick. The hobgoblin barely misses you.
You barely miss the hobgoblin.
The hobgoblin is almost dead.
You feel sick.
The hobgoblin hits you but does no damage.
You are lethally poisoned!
* * * LOW HITPOINT WARNING * * *
You feel sick.
The hobgoblin attacks as it pursues you!
The hobgoblin hits you with a +0 dagger of venom.
You die...

#...##.. ..##.## #...#..
#####..#..## #..##.#
.......##..## #..#..#
.!!.....#...# #..#..#
#(....#.#.# #.....# #w.#.#.#
#....†# #).#...# #....g##
##.##.#.##
#....@.######..#......
#.............##.#####
##...###....###..#
#.#...######...######
#..............#)....
##.>.#...............
#...##..............
#...................
###########...####..#.##.#.###


You could see a hobgoblin.

Vanquished Creatures
  Terence (D:2)
  2 adders (D:2)
  A worm (D:3)
  A dart slug (D:2)
  An orc (D:3)
  4 endoplasms
  2 giant cockroaches
  2 goblins
  3 hobgoblins
  2 jackals (D:3)
  A quokka (D:3)
  6 ball pythons
  3 bats
  4 frilled lizards
  3 kobolds
  7 rats
43 creatures vanquished.

Notes
Turn   | Place    | Note
-------+----------+-------------------------------------------
     0 | D:1      | pokeman the Deep Elf Hedge Wizard began the quest for the
                  | Orb.
     0 | D:1      | Reached XP level 1. HP: 10/10 MP: 7/7
   503 | D:1      | Reached XP level 2. HP: 16/16 MP: 6/9
  1081 | D:2      | Reached skill level 5 in Spellcasting
  1177 | D:2      | Reached XP level 3. HP: 20/20 MP: 8/11
  1181 | D:2      | Learned a level 3 spell: Mephitic Cloud
  1184 | D:2      | Learned a level 2 spell: Call Imp
  1187 | D:2      | Learned a level 2 spell: Blink
  1191 | D:2      | Learned a level 3 spell: Ignite Poison
  1583 | D:2      | Noticed Terence
  1596 | D:2      | Killed Terence
  1597 | D:2      | Reached skill level 1 in Fighting
  1597 | D:2      | Reached skill level 1 in Armour
  1687 | D:2      | Reached XP level 4. HP: 25/25 MP: 11/13
  1938 | D:3      | Identified the of Noobumm
  2018 | D:3      | Found a shadowy altar of Dithmenos.
  2540 | D:3      | Found a burning altar of Makhleb.
  2540 | D:3      | Noticed a balrug
  2751 | D:3      | Gained mutation: You are robust. (+10% HP) [potion of
                  | mutation]
  2758 | D:3      | Slain by a hobgoblin

Illustrated notes

Levels and vault maps discovered:
D:1:      ncdulo_wetmaze, layout_basic, serial_forest,
          infiniplex_forest_clump_curved, infiniplex_forest_corner_1,
          infiniplex_forest_lined_room_, infiniplex_forest_lined_3,
          infiniplex_forest_join, infiniplex_forest_lined_corner,
          infiniplex_forest_join, infiniplex_forest_straight_5,
          infiniplex_forest_clump_small
D:2:      layout_basic, minivault_23, grunt_decor_cap, uniq_terence
D:3:      layout_rooms, makhleb_altar_promises_db,
          nicolae_dithmenos_shadow_blocks, minmay_randomly_rotated_circles

Skill      XL: |  1  2  3 |
---------------+----------+-----
Spellcasting   | 5 |  5.6
Fighting       | 1 |  1.1
Armour         | 1 |  1.1
Conjurations   | 2 |  2.2
Dodging        | |  2.6
Stealth        | |  2.6
Summonings     | |  1.1
Translocations | |  1.1

Action                     |  1- 3 |  4- 6 || total
---------------------------+-------+-------++-------
  Melee: Dagger            |     2 |    15 ||    17
   Cast: Magic Dart        |    59 |    44 ||   103
         Mephitic Cloud    |     1 |     2 ||     3
         Ignite Poison     |     1 |       ||     1
         Call Imp          |       |     1 ||     1
    Use: Potion            |       |     2 ||     2
 Armour: Robe              |     6 |    12 ||    18
  Dodge: Dodged            |     6 |    10 ||    16

Table legend: (Time is in decaauts)
 A = Elapsed time spent in this place.
 B = Non-inter-level travel time spent in this place.
 C = Inter-level travel time spent in this place.
 D = Time resting spent in this place.
 E = Time spent auto-exploring this place.
 F = Levels seen in this place.
 G = Mean time per level.
                   A        B        C        D        E       F      G
               +--------+--------+--------+--------+--------+-----+--------+
         Total |   2764 |   2722 |     42 |      5 |   2411 |   3 |  921.3 |
       Dungeon |   2764 |   2722 |     42 |      5 |   2411 |   3 |  921.3 |
               +--------+--------+--------+--------+--------+-----+--------+

Top non-repeatable levels by time:
     D:2: 1104 daAuts
     D:1: 839 daAuts
     D:3: 819 daAuts
